Unix NetHack Version 5.0.0-0 post-release - last build Jul 19 2026 19:10:59 (3aa4ab31751d3886436d94b585a96704892fd477,branch:main).

Game began 2026-07-26 01:38:25, ended 2026-07-26 01:59:06.

HumaRuntu, neutral female human Wizard

        ....
       ...<.
      ....--           ...
      ...-             ...
      --.|             .G|
       |.|             .@|
       |)|      --------.|
       |.|     --........|
       |.--   --..------.|
       |..|----.*--    |.|
       |-.|.....--     |.|
       |....-----      |.--
       --.---          |..|
        ---            |..|
                       ----
HumaRuntu the Conjurer    St:11 Dx:15 Co:15 In:18 Wi:13 Ch:7  Neutral
Dlvl:3  $:56 HP:0(34) Pw:16(38) AC:9  Xp:4 T:1853 

Latest messages:
 This goblin corpse is tough.
 You finish eating the goblin corpse.
 The gecko just misses!
 You miss the gecko.
 You miss the gecko.
 The gecko bites!
 You hit the gecko.
 You miss the gecko.
 You miss the gecko.
 You miss the gecko.
 The gecko bites!
 You miss the gecko.
 You kill the gecko!
 C - a potion of water.
 You descend the stairs.
 You hear rumbling in the distance.
 You are beginning to feel hungry.
 A stout spear misses you.
 You see here a candy bar.
 D - a candy bar.
 What do you want to eat? [noruD or ?*] D
 This candy bar is delicious!
 You see here 8 rocks.
 The dwarf thrusts her broad short sword.
 The dwarf hits!
 In what direction? b
 The spell misses the dwarf.
 The dwarf thrusts her broad short sword.
 The dwarf hits!
 The spell misses the dwarf.
 You are hit by a thonged club.
 The thonged club returns to its hand!
 The dwarf thrusts her broad short sword.
 The dwarf hits!
 The gnome swings his thonged club.
 The gnome hits!
 What do you want to read? [i-lsv-x or ?*] *
 That is a silly thing to read.
 What do you want to write with? [- ac-emzA or ?*] _
 You don't have that object.
 What do you want to write with? [- ac-emzA or ?*] _
 You don't have that object.
 What do you want to write with? [- ac-emzA or ?*] -
 You write in the dust with your fingertip.
 What do you want to write in the dust here? Elbereth
 The dwarf turns to flee.
 You are hit by a stout spear!
 You die...
 Do you want your possessions identified? [ynq] (y) y
 Do you want to see your attributes? [ynq] (y) q

Inventory:
 Coins    ('$')
  $ - 56 gold pieces
 Amulets  ('"')
  t - an uncursed amulet of strangulation
 Weapons  (')')
  a - a blessed +1 quarterstaff (weapon in hands)
 Armor    ('[')
  b - an uncursed +0 cloak of magic resistance (being worn)
  q - an uncursed +0 robe
 Comestibles  ('%')
  n - 2 uncursed slime molds
  r - 2 uncursed eucalyptus leaves
  o - 2 uncursed food rations
  u - 3 uncursed lichen corpses
 Scrolls  ('?')
  w - an uncursed scroll of confuse monster
  s - an uncursed scroll of create monster
  i - an uncursed scroll of enchant armor
  j - an uncursed scroll of identify
 Spellbooks  ('+')
  v - an uncursed spellbook of blank paper
  x - an uncursed spellbook of blank paper
  l - a blessed spellbook of detect monsters
  k - a blessed spellbook of force bolt
 Potions  ('!')
  h - an uncursed potion of invisibility
  f - a potion of holy water
  C - an uncursed potion of water
 Rings    ('=')
  e - an uncursed +2 ring of gain strength (on right hand)
  d - an uncursed +1 ring of increase accuracy (on left hand)
  z - an uncursed ring of slow digestion
 Wands    ('/')
  A - a wand of create monster (0:13)
  c - a wand of slow monster (0:7)
 Tools    ('(')
  p - an uncursed lock pick
  m - a magic marker (0:22)

HumaRuntu the Wizard's attributes:

Background:
 You were a Conjurer, a level 4 female human Wizard.
 You were neutral, nominally on a mission for Thoth
 who was opposed by Ptah (lawful) and Anhur (chaotic).
 You were right-handed.
 You were in the Gnomish Mines, on level 3.
 You entered the dungeon 1853 turns ago.
 It was nighttime.
 You had 122 experience points, 38 more were needed to attain level 5.

Basics:
 You had 0 out of 34 hit points.
 You had 16 out of 38 energy points (spell power).
 Your armor class was 9.
 Your wallet contained 56 zorkmids.
 Autopickup was on for '$?!/="+' plus thrown.

Final Characteristics:
 Your strength was 11 (base:9, limit:18/100).
 Your dexterity was 15 (limit:18).
 Your constitution was 15 (limit:18).
 Your intelligence was 18 (limit:18).
 Your wisdom was 13 (limit:18).
 Your charisma was 7 (limit:18).

Final Status:
 You weren't hungry.
 You were unencumbered.
 You were wielding a quarterstaff.
 You had basic skill with quarterstaff.

Final Attributes:
 You were devoutly aligned.
 You were magic-protected.
 You had a small bonus to hit (+1).
 You were warded.
 You are dead.

Miscellaneous:
 You didn't encounter any bones levels.
 Total elapsed playing time was 20 minutes and 39 seconds.

Major events:
 Turn
    1: HumaRuntu the neutral female human Wizard entered the dungeon
 1192: entered the Gnomish Mines
 1349: attained the rank of Conjurer (level 3)
 1853: killed by a dwarvish spear

Spells:
 Name                 Level Category     Fail Retention
 force bolt             1   attack         0%  91%-100%
 detect monsters        1   divination     0%  76%-100%

Skills:
 Fighting Skills
   bare handed combat [Unskilled]
   riding             [Unskilled]
 Weapon Skills
   dagger             [Unskilled]
   knife              [Unskilled]
   axe                [Unskilled]
   short sword        [Unskilled]
   club               [Unskilled]
   mace               [Unskilled]
   quarterstaff       [Basic]
   polearms           [Unskilled]
   spear              [Unskilled]
   trident            [Unskilled]
   sling              [Unskilled]
   dart               [Unskilled]
   shuriken           [Unskilled]
 Spellcasting Skills
   attack spells      [Basic]
   healing spells     [Unskilled]
   divination spells  [Unskilled]
   enchantment spells [Basic]
   clerical spells    [Unskilled]
   escape spells      [Unskilled]
   matter spells      [Unskilled]

Voluntary challenges:
 Character rerolling was not enabled.
 You were an atheist.
 You never genocided any monsters.
 You never polymorphed an object.
 You never changed form.
 You used no wishes.
Achievements:
 You entered the Gnomish Mines.
 You attained the rank of Conjurer.

 The Dungeons of Doom: levels 1 to 3
    Level 1:
       A grave.
    Level 2:
       A fountain, a grave.
       Stairs down to The Gnomish Mines.
    Level 3:
       A fountain.
 The Gnomish Mines:
    Level 3: <- You were here.
       Final resting place for
          you, killed by a dwarvish spear.


Vanquished creatures:
  a floating eye
  a kitten
  2 orc zombies
  8 dwarf zombies
  a werejackal
  a hobbit
  a cave spider
  a yellow mold
  a gnome
  2 gnome zombies
  a gecko
  2 jackals
  a fox
  2 kobolds
  2 goblins
  a sewer rat
  a grid bug
  6 lichens
  a kobold zombie
  6 newts
42 creatures vanquished.

No species were genocided or became extinct.

Game over:
                       ----------
                      /          \
                     /    REST    \
                    /      IN      \
                   /     PEACE      \
                  /                  \
                  |    HumaRuntu     |
                  |      56 Au       |
                  |   killed by a    |
                  |  dwarvish spear  |
                  |                  |
                  |                  |
                  |       2026       |
                 *|     *  *  *      | *
        _________)/\\_//(\/(/\)/\//\/|_)_______

Goodbye HumaRuntu the Wizard...

You died in The Gnomish Mines on dungeon level 3 with 615 points,
and 56 pieces of gold, after 1853 moves.
You were level 4 with a maximum of 34 hit points when you died.

